 Dungeon Crawl Stone Soup version 0.22.0-27-ga576289 (webtiles) character file.

6983 shmeve the Cleaver (level 10, -1/94 HPs)
             Began as a Minotaur Berserker on Aug 22, 2018.
             Was a High Priest of Trog.
             Slain by a troll (9 damage)
             ... on level 9 of the Dungeon.
             The game lasted 00:17:53 (7095 turns).

shmeve the Cleaver (Minotaur Berserker)             Turns: 7095, Time: 00:17:53

Health: -1/94      AC: 15    Str: 24    XL:     10   Next: 81%
Magic:  9/9        EV: 11    Int:  4    God:    Trog [*****.]
Gold:   329        SH:  0    Dex: 11    Spells: 9/9 levels left

rFire    . . .     SeeInvis .   u - -3 broad axe (curse)
rCold    . . .     Gourm    .   (no shield)
rNeg     . . .     Faith    .   m - +0 chain mail
rPois    .         Spirit   .   (helmet restricted)
rElec    .         Reflect  .   n - +0 cloak
rCorr    .         Harm     +   q - +2 pair of gloves
MR       .....                  (no boots)
Stlth    ..........             e - amulet of harm
HPRegen  0.25/turn              (no ring)
MPRegen  0.11/turn              (no ring)

@: no status effects
A: retaliatory headbutt, horns 2
a: Berserk, Trog's Hand, Brothers in Arms, Renounce Religion


You were on level 9 of the Dungeon.
You worshipped Trog.
Trog was extremely pleased with you.
You were hungry.

You visited 1 branch of the dungeon, and saw 9 of its levels.

You collected 329 gold pieces.

Inventory:

Hand Weapons
 s - a +0 war axe
 u - a cursed -3 broad axe (weapon)
Missiles
 k - 7 silver tomahawks (quivered)
 o - a throwing net
Armour
 m - a +0 chain mail (worn)
 n - a +0 cloak (worn)
 q - a +2 pair of gloves (worn)
Jewellery
 e - an amulet of harm (around neck)
Scrolls
 d - 4 scrolls of teleportation
 f - a scroll of enchant armour
 h - 6 scrolls of identify
Potions
 b - a potion of magic {unknown}
 g - 3 potions of lignification {unknown}
 i - a potion of curing {unknown}
 j - 2 potions of haste {unknown}
 l - 4 potions of heal wounds {unknown}
 t - a potion of flight {unknown}
Comestibles
 c - 14 rations


   Skills:
 * Level 10.6 Fighting
 * Level 10.7 Axes
 * Level 8.3 Throwing
 + Level 7.3 Armour
 + Level 6.7 Dodging


You had 9 spell levels left.
You didn't know any spells.
Your spell library was empty.

Dungeon Overview and Level Annotations

Branches:
Dungeon (9/15)             Temple (0/1) D:4            Lair (0/6) D:8
    Orc: D:9-12

Altars:
Dithmenos
Fedhas
Makhleb
Ru
Vehumet
Zin

Annotations:
D:4 2 transporters


Innate Abilities, Weirdness & Mutations

You reflexively headbutt those who attack you in melee.
You have a pair of horns on your head.


Message History

The troll claws you but does no damage. The troll claws you!
The kobold closely misses you. You furiously retaliate!
You headbutt the kobold.
You kill the kobold!
Trog accepts your kill.
You barely miss the troll. You slash the kobold!
You kill the kobold!
Trog accepts your kill. The troll bites you! The troll barely misses you.
The troll claws you!
* * * LOW HITPOINT WARNING * * *
You hit the troll.
The troll is lightly wounded.
The troll bites you.
* * * LOW HITPOINT WARNING * * *
The troll misses you. The troll claws you!
* * * LOW HITPOINT WARNING * * *
You slash the troll!
The troll is severely wounded.
The troll bites you!
You die...

# ###.
#######..##
#.........##
...........## ..
.......)....#....
.......)@<...#
#......T†.#......
#............##..
#..........#.#
#..........# #
#.......####
........#
.....#### #....


You could see a troll.

Vanquished Creatures
  Harold (D:7)
  A two-headed ogre (D:8)
  Grinder (D:3)
  A spriggan (D:8)
  Sigmund (D:3)
  A hungry ghost (D:9)
  Menkaure (D:4)
  A water moccasin (D:8)
  Duvessa (D:7)
  4 sky beasts
  An orc warrior (D:6)
  A phantom (D:9)
  2 black bears (D:7)
  2 necrophages
  4 ogres
  3 ice beasts
  3 centaurs
  2 big kobolds
  5 bullfrogs
  Dowan (D:7)
  A water moccasin zombie (D:5)
  A wyvern skeleton (D:9)
  2 water moccasin skeletons
  4 scorpions
  8 killer bees
  2 howler monkeys
  8 crimson imps
  2 bullfrog zombies (D:8)
  A centaur zombie (D:9)
  4 orc priests
  A centaur skeleton (D:6)
  3 hounds
  3 jellies
  Crazy Yiuf (D:3)
  9 orc wizards
  A bullfrog skeleton (D:9)
  Terence (D:3)
  Natasha (thrice) (D:2)
  2 iguanas
  6 worker ants
  3 hound skeletons
  A howler monkey zombie (D:6)
  A worker ant zombie (D:5)
  14 adders
  2 howler monkey skeletons
  2 shadow imps
  2 oozes
  3 adder skeletons
  A worm (D:3)
  A dart slug (D:1)
  5 leopard geckos
  28 orcs
  2 giant cockroaches
  5 goblins
  7 hobgoblins
  14 jackals
  3 quokkas
  2 ball pythons (D:4)
  8 bats
  6 frilled lizards
  A jackal skeleton (D:4)
  19 kobolds
  2 quokka skeletons
  14 rats
246 creatures vanquished.

Vanquished Creatures (others)
  A leopard gecko (D:3)
1 creature vanquished.

Grand Total: 247 creatures vanquished

Notes
Turn   | Place    | Note
-------+----------+-------------------------------------------
     0 | D:1      | shmeve the Minotaur Berserker began the quest for the Orb.
     0 | D:1      | Reached XP level 1. HP: 19/19 MP: 0/0
   148 | D:1      | Reached XP level 2. HP: 21/27 MP: 1/1
   158 | D:1      | Reached skill level 1 in Throwing
   617 | D:2      | Reached XP level 3. HP: 31/33 MP: 2/2
   756 | D:2      | Reached ** piety under Trog
   831 | D:2      | Noticed Natasha
   842 | D:2      | Killed Natasha
   842 | D:2      | Reached XP level 4. HP: 10/41 MP: 3/3
   955 | D:2      | Noticed Natasha
   960 | D:2      | Killed Natasha
  1010 | D:2      | Noticed Natasha
  1014 | D:2      | Killed Natasha
  1260 | D:2      | Found a glowing silver altar of Zin.
  1325 | D:2      | Found a radiant altar of Vehumet.
  1334 | D:2      | Reached XP level 5. HP: 46/47 MP: 4/4
  2394 | D:3      | Reached skill level 5 in Fighting
  2394 | D:3      | Reached skill level 5 in Axes
  2548 | D:3      | Noticed Grinder
  2548 | D:3      | Noticed Sigmund
  2549 | D:3      | Noticed Terence
  2557 | D:3      | Killed Sigmund
  2557 | D:3      | Reached XP level 6. HP: 56/56 MP: 5/5
  2559 | D:3      | Killed Terence
  2561 | D:3      | Killed Grinder
  2561 | D:3      | Reached XP level 7. HP: 62/62 MP: 6/6
  2650 | D:3      | Found a runed door.
  2695 | D:3      | Noticed Crazy Yiuf
  2698 | D:3      | Killed Crazy Yiuf
  3017 | D:4      | Found a sacrificial altar of Ru.
  3053 | D:4      | Found a transporter.
  3072 | D:4      | Found a transporter.
  3106 | D:4      | Noticed Menkaure
  3113 | D:4      | Killed Menkaure
  3115 | D:4      | Reached *** piety under Trog
  3163 | D:4      | Found a staircase to the Ecumenical Temple.
  3242 | D:4      | Found a blossoming altar of Fedhas.
  3489 | D:5      | Entered Level 5 of the Dungeon
  3575 | D:5      | Reached XP level 8. HP: 69/71 MP: 7/7
  3850 | D:5      | Found a burning altar of Makhleb.
  3914 | D:5      | Reached skill level 5 in Throwing
  4123 | D:6      | Reached skill level 5 in Armour
  4189 | D:6      | Reached **** piety under Trog
  4196 | D:6      | Received a gift from Trog
  4196 | D:6      | Reached skill level 5 in Dodging
  4197 | D:6      | Reached XP level 9. HP: 36/81 MP: 8/8
  4607 | D:6      | You fall through a shaft for 3 floors!
  5119 | D:8      | Noticed a two-headed ogre
  5131 | D:8      | Killed a two-headed ogre
  5330 | D:7      | Received a gift from Trog
  5344 | D:7      | Reached XP level 10. HP: 91/91 MP: 9/9
  5954 | D:7      | Noticed Harold
  5964 | D:7      | Killed Harold
  5964 | D:7      | Reached skill level 10 in Axes
  5989 | D:7      | Reached skill level 10 in Fighting
  5989 | D:7      | Noticed Duvessa
  5991 | D:7      | Noticed Dowan
  6000 | D:7      | Killed Duvessa
  6006 | D:7      | Killed Dowan
  6006 | D:7      | Reached ***** piety under Trog
  6358 | D:7      | Found a shadowy altar of Dithmenos.
  6618 | D:8      | Received a gift from Trog
  7035 | D:8      | Found a staircase to the Lair.
  7095 | D:9      | Slain by a troll

Skill      XL: |  1  2  3  4  5  6  7  8  9 10 |
---------------+-------------------------------+-----
Throwing       | 1 2 3 4 5 7 8 |  8.3
Fighting       | 4 5 6 8 9 10 | 10.6
Axes           | 4 5 6 8 9 10 | 10.7
Armour         | 3 4 5 6 7 |  7.3
Dodging        | 3 4 5 6 |  6.7

Action                   |  1- 3 |  4- 6 |  7- 9 | 10-12 || total
-------------------------+-------+-------+-------+-------++-------
Melee: Hand axe          |    58 |    92 |     4 |       ||   154
       Headbutt          |     8 |    10 |    46 |    30 ||    94
       War axe           |       |       |   236 |    37 ||   273
       Broad axe         |       |       |       |   102 ||   102
Invok: Trog's Hand       |       |     3 |     2 |     1 ||     6
       Berserk           |       |     1 |     3 |     3 ||     7
  Use: Scroll            |       |       |     4 |     4 ||     8
  Eat: Chunk             |       |     6 |    13 |     9 ||    28
       Ration            |       |       |       |     1 ||     1
Armor: Animal skin       |    11 |     4 |       |       ||    15
       Chain mail        |       |    40 |   159 |   160 ||   359
Dodge: Dodged            |    49 |    58 |   138 |   124 ||   369
